 Dungeon Crawl Stone Soup version 0.21-a0-498-g1b60429 (webtiles) character file.

51472 namelastname112 the Black Belt (level 14, -1/126 HPs)
             Began as a Purple Draconian Monk on Nov 24, 2017.
             Was a High Priest of Ashenzari.
             Slain by a two-headed ogre
             ... wielding a +0 giant club
              (22 damage)
             ... on level 1 of the Orcish Mines.
             The game lasted 00:37:50 (25013 turns).

namelastname112 the Black Belt (DrMo)              Turns: 25013, Time: 00:37:51

Health: -1/126     AC: 12    Str:  6 (13) XL:     14   Next: 23%
Magic:  27/27      EV: 20    Int:  6 (10) God:    Ashenzari [*****.]
Gold:   1351       SH:  0    Dex: 24      Spells: 28/31 levels left

rFire    . . .     SeeInvis +     - Unarmed
rCold    + . .     Gourm    .   (no shield)
rNeg     . . .     Faith    .   (armour unavailable)
rPois    .         Spirit   .   (helmet restricted)
rElec    .         Reflect  .   E - +1 cloak
rCorr    .         Harm     +   I - +0 pair of gloves (curse)
MR       +++..     Clarity  +   v - +0 pair of boots
Stlth    ++........             Y - amulet of harm
HPRegen  0.31/turn              C - +3 ring of slaying (curse)
MPRegen  0.20/turn              e - ring of protection from cold

@: flying, heavily drained
A: breathe power, unfitting armour, big wings, stinger 1, agile 2, deterioration
1, magic resistance 1, screaming 1, cold-blooded, subdued magic 1, AC +8
a: Breathe Dispelling Energy, Stop Flying, Curse Item, Scrying, Transfer
Knowledge, Renounce Religion


You were on level 1 of the Orcish Mines.
You worshipped Ashenzari.
Ashenzari was extremely pleased with you.
You were not hungry.

You visited 3 branches of the dungeon, and saw 21 of its levels.

You collected 1351 gold pieces.

Inventory:

Armour
 v - a +0 pair of boots (worn)
 E - a +1 cloak (worn)
 I - a cursed +0 pair of gloves (worn)
Jewellery
 e - a ring of protection from cold (right hand)
 j - an uncursed ring of resist corrosion
 C - a cursed +3 ring of slaying (left hand)
 N - an uncursed ring of fire
 O - an uncursed ring of poison resistance
 T - a +4 ring of intelligence
 Y - an amulet of harm (around neck)
Wands
 r - a wand of polymorph (45)
 t - a wand of flame (78)
 y - a wand of clouds (1)
 G - a wand of acid (9)
 H - a wand of disintegration (3)
 L - a wand of random effects (89)
 V - a wand of paralysis (10)
 X - a wand of iceblast (8)
Scrolls
 d - 2 scrolls of summoning
 h - 3 scrolls of enchant weapon
 i - 2 scrolls of enchant armour
 m - a scroll of brand weapon
 q - 9 scrolls of amnesia
 s - 6 scrolls of remove curse
 A - a scroll of fog
 J - 3 scrolls of magic mapping
 S - 11 scrolls of identify
Potions
 f - 4 potions of curing
 g - 6 potions of flight
 o - 3 potions of brilliance
 w - a potion of ambrosia
 z - 4 potions of haste
 K - a potion of might
 R - 2 potions of berserk rage
 U - a potion of mutation
 W - 3 potions of agility
Books
 p - a book of Power

   Spells                             Type                      Level
   a - Iskenderun's Battlesphere      Conjuration/Charms           5
   b - Venom Bolt                     Conjuration/Poison           5
   c - Bolt of Magma                  Conjuration/Fire/Earth       5
   d - Iron Shot                      Conjuration/Earth            6
   e - Orb of Destruction             Conjuration                  7
   f - Spellforged Servitor           Conjuration/Summoning        7
 Z - the Papyrus of Toxic Transformation
   (You found it on level 6 of the Lair of Beasts)

   Spells                             Type                      Level
   a - Poisonous Vapours              Poison/Air                   2
   b - Sticks to Snakes               Transmutation                2
   c - Mephitic Cloud                 Conjuration/Poison/Air       3
   d - Olgreb's Toxic Radiance        Poison                       4
   e - Petrify                        Transmutation/Earth          4
   f - Alistair's Intoxication        Transmutation/Poison         5
Comestibles
 a - 8 bread rations
 l - 35 fruits
 n - 14 royal jellies


   Skills:
 + Level 12.1(9.6) Fighting
 + Level 10.3(7.9) Dodging
 - Level 1.7(0.0) Stealth
 + Level 15.9(13.1) Unarmed Combat
 + Level 9.2(6.8) Spellcasting
 + Level 9.2(6.8) Charms


You had 28 spell levels left.
You knew the following spells:

 Your Spells              Type           Power        Failure   Level  Hunger
d - Regeneration          Chrm/Necr      #.........   16%         3    ###....


Dungeon Overview and Level Annotations

Branches:
Dungeon (14/15)            Temple (0/1) D:7            Lair (6/6) D:9
 Shoals (0/4) Lair:4       Spider (0/4) Lair:2          Orc (1/2) D:9
  Slime: Lair:5-6    Vaults: D:13-14

Altars:
Ashenzari
Cheibriados
Dithmenos
Fedhas
Gozag
Hepliaklqana
Kikubaaqudgha
Makhleb
Nemelex Xobeh
Qazlal
Ru
Trog
Uskayaw
Vehumet
Zin
Beogh

Shops:
D:9 !   D:12 [*

Annotations:
D:4 Natasha
D:13 1 runed door
Lair:5 exclusion: oklob plant


Innate Abilities, Weirdness & Mutations

You can breathe bolts of dispelling energy.
Your rich purple scales are hard. (AC +8)
You cannot fit into any form of body armour.
You are cold-blooded and may be slowed by cold attacks.
Your large and strong wings let you fly indefinitely.
Your tail ends in a poisonous barb.
You are very agile. (Dex +4)
Your body sometimes deteriorates upon taking damage.
You are resistant to hostile enchantments. (MR+)
You occasionally shout uncontrollably at your foes.
Your spells are a little easier to cast, but a little less powerful.


Message History

You punch the two-headed ogre!
The two-headed ogre is heavily wounded.
You feel a bit more experienced.
You feel much better.
The two-headed ogre hits you with a giant club!!
* * * LOW HITPOINT WARNING * * *
Your body deteriorates!
You feel weakened. The two-headed ogre misses you.
You take 19 damage, and have 18/126 hp.
Okay, then.
Evoke which item? (* to show all) (? for menu, Esc to quit)
Aiming: Paralyse
Press: ? - help, Shift-Dir - straight line, f - two-headed ogre
Aim: a two-headed ogre, wielding two giant clubs (heavily wounded, chance to defeat MR: 28%)
Okay, then.
Found 30 gold pieces.
Found 36 gold pieces.
There is an escape hatch in the floor here.
The two-headed ogre hits you with a giant club!!
You die...

#.## , ,,
,#O...# #.#
,,** ##)###
#)# , ,
*###'## #o#* {
** #....## ###
#..O..## *,
##......# **
#...O$$$## *
∆,*,#...O$$$.#
,, {#...@$$$##
,, #....$$$.#
* ,*
,##...$$$## *
, #...$$$#
,*,* ###..###
** * ####


You could see a two-headed ogre and 2 ogres.

Vanquished Creatures
  The ghost of mortelune the Basher, a journeyman GrFi of Qazlal (Lair:1)
  The ghost of p0werm0de the Martial Artist, a journeyman KoCK of Xom (Lair:3)
  Snorg (Lair:5)
  Fannar (D:11)
  3 hydras
  A merfolk avatar (Lair:6)
  2 centaur warriors
  3 two-headed ogres
  An unseen horror (D:13)
  A sea snake (Lair:6)
  A centaur zombie (D:12)
  A cyclops (D:11)
  A spectral centaur (D:12)
  13 elephants
  4 manticores
  2 black mambas
  2 merfolk sirens (Lair:4)
  4 komodo dragons
  9 spiny frogs
  7 rime drakes
  A queen bee (Lair:2)
  2 merfolk (Lair:4)
  3 trolls
  2 jumping spiders (Lair:2)
  A wind drake (Lair:6)
  2 polar bears (Lair:6)
  Grinder (D:3)
  A hornet (Lair:6)
  21 blink frogs
  11 hippogriffs
  A redback (Lair:2)
  Sigmund (D:6)
  A vampire (D:12)
  40 yaks
  3 wyverns
  A hungry ghost (D:10)
  3 basilisks
  Menkaure (D:6)
  Edmund (D:5)
  A soldier ant (D:12)
  11 water moccasins
  4 orc warriors
  2 ice beasts (D:8)
  9 porcupines
  3 black bears
  2 sky beasts
  A phantom (D:12)
  7 centaurs
  8 ogres
  12 crocodiles
  3 wolves
  3 big kobolds
  18 bullfrogs
  2 gnoll sergeants (D:7)
  41 killer bees
  7 wights
  11 howler monkeys
  2 vampire bats (Lair:3)
  An electric eel (Lair:5)
  8 crimson imps
  2 bullfrog zombies (D:12)
  2 hounds
  2 gnoll shamans
  Crazy Yiuf (D:6)
  2 bullfrog skeletons
  6 orc priests
  7 jellies
  9 orc wizards
  A centaur skeleton (D:11)
  Natasha (D:4)
  5 iguanas
  13 worker ants
  2 killer bee zombies
  2 hound zombies
  2 worker ant zombies
  20 gnolls
  A howler monkey skeleton (D:7)
  13 adders
  3 shadow imps
  An adder zombie (D:7)
  2 dart slugs
  2 worms
  6 leopard geckos
  35 orcs
  13 bats
  2 giant cockroaches
  3 hobgoblins
  17 jackals
  19 kobolds
  7 quokkas
  2 ball pythons
  8 frilled lizards
  A giant cockroach zombie (D:5)
  A goblin (D:3)
  A jackal zombie (D:5)
  A leopard gecko skeleton (D:7)
  5 rats
532 creatures vanquished.

Vanquished Creatures (others)
  10 fungi
  13 plants
23 creatures vanquished.

Grand Total: 555 creatures vanquished

Notes
Turn   | Place    | Note
-------+----------+-------------------------------------------
     0 | D:1      | namelastname112 the Draconian Monk began the quest for the Orb.
     0 | D:1      | Reached XP level 1. HP: 19/19 MP: 1/1
   234 | D:1      | Reached XP level 2. HP: 24/26 MP: 2/2
   374 | D:1      | Reached skill level 4 in Unarmed Combat
   618 | D:1      | Reached XP level 3. HP: 21/31 MP: 3/3
  1143 | D:2      | Found a sparkling altar of Nemelex Xobeh.
  1285 | D:2      | Found a shattered altar of Ashenzari.
  1316 | D:2      | Became a worshipper of Ashenzari the Shackled
  1316 | D:2      | Reached * piety under Ashenzari
  1316 | D:2      | Reached ** piety under Ashenzari
  1348 | D:2      | Reached XP level 4. HP: 38/38 MP: 4/4
  1635 | D:3      | Found a burning altar of Makhleb.
  1639 | D:3      | Reached skill level 5 in Unarmed Combat
  1821 | D:3      | Reached XP level 5. HP: 37/45 MP: 5/5
  1917 | D:3      | Found a radiant altar of Vehumet.
  1940 | D:3      | Found a sacrificial altar of Ru.
  1941 | D:3      | Found a blossoming altar of Fedhas.
  1941 | D:3      | Found a bloodstained altar of Trog.
  1941 | D:3      | Found a stormy altar of Qazlal.
  1941 | D:3      | Found a hazy altar of Hepliaklqana.
  1942 | D:3      | Found an ancient bone altar of Kikubaaqudgha.
  2072 | D:3      | Noticed Grinder
  2083 | D:3      | Killed Grinder
  2083 | D:3      | Reached skill level 7 in Unarmed Combat
  2083 | D:3      | Reached XP level 6. HP: 51/51 MP: 6/6
  2145 | D:3      | Gained mutation: You are agile. (Dex +2) [potion of mutation]
  2145 | D:3      | Gained mutation: Your body sometimes deteriorates upon taking damage. [potion of mutation]
  2145 | D:3      | Gained mutation: You are weak. (Str -2) [potion of mutation]
  2145 | D:3      | Gained mutation: You have large cloven feet. [potion of mutation]
  2433 | D:4      | Reached skill level 8 in Unarmed Combat
  2433 | D:4      | Your scales start taking on a rich purple colour.
  2433 | D:4      | Reached XP level 7. HP: 54/57 MP: 7/7
  2518 | D:4      | Noticed Natasha
  2530 | D:4      | Killed Natasha
  2606 | D:4      | Noticed Natasha
  3034 | D:4      | Found a shadowy altar of Dithmenos.
  3121 | D:5      | Entered Level 5 of the Dungeon
  3202 | D:5      | Reached skill level 9 in Unarmed Combat
  3543 | D:5      | Reached XP level 8. HP: 56/66 MP: 8/8
  3788 | D:5      | Noticed Edmund
  3802 | D:5      | Killed Edmund
  4012 | D:6      | Noticed Sigmund
  4023 | D:6      | Killed Sigmund
  4023 | D:6      | Reached skill level 10 in Unarmed Combat
  4108 | D:6      | Reached skill level 5 in Fighting
  4116 | D:6      | Noticed Menkaure
  4123 | D:6      | Killed Menkaure
  4592 | D:6      | Found a sacrificial altar of Ru.
  4617 | D:6      | Reached XP level 9. HP: 72/74 MP: 9/9
  4645 | D:6      | Found a runed door.
  4855 | D:6      | Noticed Crazy Yiuf
  4883 | D:6      | Killed Crazy Yiuf
  5441 | D:7      | Reached skill level 11 in Unarmed Combat
  5481 | D:7      | Found a staircase to the Ecumenical Temple.
  5495 | D:7      | Reached skill level 5 in Dodging
  5932 | D:8      | Lost mutation: You are weak. (Str -2) [potion of mutation]
  5932 | D:8      | Lost mutation: You have large cloven feet. [potion of mutation]
  5932 | D:8      | Gained mutation: You are resistant to hostile enchantments. (MR+) [potion of mutation]
  5932 | D:8      | Gained mutation: Your large and strong wings let you fly indefinitely. [potion of mutation]
  6524 | D:8      | Found an opulent altar of Gozag.
  6594 | D:8      | Found a glowing silver altar of Zin.
  7026 | D:9      | Reached *** piety under Ashenzari
  7035 | D:9      | Noticed a two-headed ogre
  7046 | D:9      | Killed a two-headed ogre
  7046 | D:9      | Reached skill level 12 in Unarmed Combat
  7046 | D:9      | Reached XP level 10. HP: 54/86 MP: 5/10
  7181 | D:9      | Found a staircase to the Orcish Mines.
  7278 | D:9      | Found a staircase to the Lair.
  7765 | D:9      | Gained mutation: You are very agile. (Dex +4) [mutagenic meat]
  7767 | D:9      | Gained mutation: You are dopey. (Int -2) [mutagenic meat]
  7784 | D:9      | Found Cuaprauti's Distillery.
  8014 | D:9      | Found a hide-covered altar of Uskayaw.
  8330 | D:10     | Entered Level 10 of the Dungeon
  8396 | D:10     | Reached skill level 13 in Unarmed Combat
  8545 | D:10     | Reached XP level 11. HP: 57/95 MP: 11/11
  9308 | D:11     | Noticed Fannar
  9433 | D:11     | Killed Fannar
  9621 | D:11     | Noticed a two-headed ogre
  9633 | D:11     | Killed a two-headed ogre
 10091 | D:11     | Reached skill level 14 in Unarmed Combat
 10435 | D:11     | Learned a level 3 spell: Regeneration
 10567 | D:11     | Reached skill level 1 in Spellcasting
 10567 | D:11     | Reached skill level 1 in Charms
 11088 | D:12     | Found a snail-covered altar of Cheibriados.
 11510 | D:12     | Found Otilio's General Store.
 11636 | D:12     | Found Redah's Armour Shop.
 12194 | D:13     | Found a roughly hewn altar of Beogh.
 12194 | D:13     | Noticed an orc sorcerer
 12194 | D:13     | Noticed an orc sorcerer
 12194 | D:13     | Noticed an orc high priest
 12325 | D:13     | Lost mutation: You are dopey. (Int -2) [mutagenic meat]
 12326 | D:13     | Gained mutation: You occasionally shout uncontrollably at your foes. [mutagenic meat]
 12327 | D:13     | Gained mutation: Your spells are a little easier to cast, but a little less powerful. [mutagenic meat]
 12329 | D:13     | Gained mutation: Your tail ends in a poisonous barb. [mutagenic meat]
 12622 | D:13     | Noticed a centaur warrior
 12636 | D:13     | Killed a centaur warrior
 12636 | D:13     | Reached skill level 10 in Fighting
 12636 | D:13     | Reached XP level 12. HP: 27/106 MP: 15/17
 12983 | D:13     | Noticed an eight-headed hydra
 12987 | D:13     | Killed an eight-headed hydra
 13032 | D:13     | Found a runed door.
 13585 | D:14     | Noticed a centaur warrior
 13595 | D:14     | Killed a centaur warrior
 13784 | Lair:1   | Entered Level 1 of the Lair of Beasts
 13861 | Lair:1   | Reached skill level 5 in Spellcasting
 13951 | Lair:1   | Reached skill level 5 in Charms
 13973 | Lair:1   | Noticed mortelune's ghost (journeyman GrFi)
 14497 | Lair:2   | Reached **** piety under Ashenzari
 14795 | Lair:2   | Found a hole to the Spider Nest.
 15697 | Lair:3   | Noticed an eight-headed hydra
 15697 | Lair:3   | Noticed p0werm0de's ghost (journeyman KoCK)
 16370 | Lair:3   | Killed p0werm0de's ghost
 16370 | Lair:3   | Reached skill level 15 in Unarmed Combat
 16633 | Lair:3   | Killed an eight-headed hydra
 17816 | Lair:4   | Reached XP level 13. HP: 114/114 MP: 23/23
 18881 | Lair:4   | Found a staircase to the Shoals.
 19417 | Lair:5   | Noticed Snorg
 19456 | Lair:5   | Killed Snorg
 20072 | Lair:6   | Entered Level 6 of the Lair of Beasts
 21013 | Lair:6   | Reached skill level 10 in Dodging
 21629 | Lair:6   | Reached ***** piety under Ashenzari
 21659 | Lair:6   | Reached XP level 14. HP: 98/125 MP: 26/26
 21985 | Lair:6   | Identified the Papyrus of Toxic Transformation
 23057 | Lair:1   | Killed mortelune's ghost
 24480 | Orc:1    | Entered Level 1 of the Orcish Mines
 25013 | Orc:1    | Slain by a two-headed ogre

Vault maps used:
D:1:      tarquinn_simple_flora_water_b, minmay_misc_feat_plants,
          minmay_surrounded
D:2:      nicolae_ashenzari_panopticon, nemelex_xobeh_ov_fountains_minmay,
          nicolae_overflow_hidden_temple, roderic_st_hans_cross
D:3:      minitemple, uniq_grinder
D:4:      nicolae_dithmenos_the_darkroom, uniq_natasha
D:5:      first_bread, item_on_display_b, uniq_edmund
D:6:      nicolae_ru_the_path_less_chosen, uniq_sigmund,
          uniq_crazy_yiuf_cottage, uniq_menkaure
D:7:      minmay_temple_entry_trees, serial_aquarium,
          aquarium_bridge_long_separate, aquarium_bridge_island_small,
          aquarium_window_2, aquarium_window_fake, aquarium_window_3,
          aquarium_window_fake, aquarium_view_2e, aquarium_view_2d,
          aquarium_balcony_double_1, minmay_misc_feat_chi
D:8:      zin_scriptorium, nicolae_gozag_cash_rules_everything_around_me,
          blue_anna_alchemist
D:9:      eat_drink_and_be_merry_uskayaw, minmay_lair_entry_grove, orc_0_dummy,
          serial_shops, nicolae_shop_behind_doors
D:11:     uniq_fannar
D:12:     serial_shops, shop, shop, nicolae_twisting_strands,
          hangedman_weighted_door, cheibriados_altar_1
D:13:     serial_co_window_serial, co_window_paths_b, co_window_paths_b,
          co_window_paths_b, co_window_paths_b, co_window_paths_b,
          co_window_corner_cb, co_window_paths_c, co_window_corner_ca,
          co_window_broadway_c, co_window_corner_b, co_window_of_opportunity_b,
          co_window_4corner_a, co_window_paths_d, glass_columns_a,
          glass_columns_a, glass_columns_a, lightli_church_of_beogh
D:14:     david_vaults_4, serial_park_tiny_2, serial_shops,
          kennysheep_little_box, uniq_frances, uniq_agnes
Lair:1:   minmay_stone_trees_small, ldierk_geyser
Lair:2:   spider_nest_entry_funnel_web, special_room
Lair:3:   roderic_batcave
Lair:4:   elwin_shoals_entry_stream, lemuel_fruit_fields,
          infiniplex_staircase_pool_2
Lair:5:   minmay_slime_entry_oklob_enclosed, lookout_lair_type,
          serial_bayou_shore_b, uniq_snorg
Lair:6:   gammafunk_lair_ancient_temple
Orc:1:    giant_chief_lemuel, basic_altar

Skill      XL: |  1  2  3  4  5  6  7  8  9 10 11 12 13 14 |
---------------+-------------------------------------------+-----
Unarmed Combat | 4 5 7 8 9 10 12 13 14 15 | 15.9
Dodging        | 3 4 6 7 8 9 10 | 10.3
Fighting       | 5 7 8 10 11 12 | 12.1
Spellcasting   | 3 6 8 9 |  9.2
Charms         | 3 6 8 9 |  9.2
Stealth        | |  1.7

Action                   |  1- 3 |  4- 6 |  7- 9 | 10-12 | 13-15 || total
-------------------------+-------+-------+-------+-------+-------++-------
Melee: Unarmed           |   131 |    86 |   364 |   849 |   617 ||  2047
       Tailslap          |    14 |    12 |    73 |   166 |   149 ||   414
       Punch             |     3 |     5 |    14 |    89 |    69 ||   180
       Kick              |       |     9 |    96 |       |       ||   105
 Cast: Regeneration      |       |       |       |     5 |    34 ||    39
Invok: Scrying           |       |       |       |     1 |       ||     1
       Curse Item        |       |       |       |       |     1 ||     1
 Abil: Breathe Dispellin |       |       |     7 |     3 |       ||    10
       Fly               |       |       |     1 |       |       ||     1
       Evoke Berserk Rag |       |       |       |     1 |     1 ||     2
Evoke: Wand              |       |       |     3 |    11 |     4 ||    18
  Use: Scroll            |       |     5 |     8 |    13 |     4 ||    30
       Potion            |       |     2 |     2 |     4 |     7 ||    15
 Stab: Sleeping          |     3 |       |     7 |    15 |     4 ||    29
       Distracted        |       |       |       |     3 |     2 ||     5
       Confused          |       |       |       |     1 |       ||     1
  Eat: Chunk             |     1 |     4 |    14 |    23 |    21 ||    63
       Royal jelly       |       |       |     1 |     4 |     1 ||     6
       Meat ration       |       |       |       |     3 |     1 ||     4
       Fruit             |       |       |       |     2 |       ||     2
Armor: Skin              |    45 |    24 |    86 |   208 |   108 ||   471
Dodge: Dodged            |    99 |    36 |   238 |   773 |   506 ||  1652

Table legend:
 A = Spawn XP
 B = Non-spawn XP
 C = Spawn XP percentage of total XP
 D = Spawn monster count
 E = Non-spawn monster count
 F = Spawn count percentage of total count
 G = Total turns spent on level
                    A         B        C        D         E        F      G
               +---------+---------+-------+---------+---------+-------+---------
         Total |       0 |   73532 |   0.0 |       0 |     532 |   0.0 | 25013
               +---------+---------+-------+---------+---------+-------+---------
           D:1 |       0 |      50 |   0.0 |       0 |      29 |   0.0 |   940
           D:2 |       0 |      47 |   0.0 |       0 |      16 |   0.0 |   572
           D:3 |       0 |     571 |   0.0 |       0 |      25 |   0.0 |  1157
           D:4 |       0 |     251 |   0.0 |       0 |      10 |   0.0 |   452
           D:5 |       0 |     859 |   0.0 |       0 |      29 |   0.0 |   868
           D:6 |       0 |    1080 |   0.0 |       0 |      21 |   0.0 |   974
           D:7 |       0 |     965 |   0.0 |       0 |      36 |   0.0 |   935
           D:8 |       0 |    1057 |   0.0 |       0 |      16 |   0.0 |  1094
           D:9 |       0 |    3978 |   0.0 |       0 |      42 |   0.0 |  1670
          D:10 |       0 |    2602 |   0.0 |       0 |      32 |   0.0 |   983
          D:11 |       0 |    5891 |   0.0 |       0 |      39 |   0.0 |  1648
          D:12 |       0 |    3169 |   0.0 |       0 |      28 |   0.0 |  1096
          D:13 |       0 |    3957 |   0.0 |       0 |      12 |   0.0 |  1570
          D:14 |       0 |    1220 |   0.0 |       0 |       4 |   0.0 |   136
        Lair:1 |       0 |    5748 |   0.0 |       0 |      21 |   0.0 |  1671
        Lair:2 |       0 |    4617 |   0.0 |       0 |      40 |   0.0 |  2539
        Lair:3 |       0 |    5231 |   0.0 |       0 |      24 |   0.0 |  1682
        Lair:4 |       0 |    8465 |   0.0 |       0 |      22 |   0.0 |  1333
        Lair:5 |       0 |    5510 |   0.0 |       0 |      23 |   0.0 |  1116
        Lair:6 |       0 |   16628 |   0.0 |       0 |      53 |   0.0 |  2299
         Orc:1 |       0 |    1636 |   0.0 |       0 |      10 |   0.0 |   278
               +---------+---------+-------+---------+---------+-------+---------
